 Dungeon Crawl Stone Soup version 0.31-a0-1134-gb247575874 (webtiles) character file.

Game seed: 1921934450284391476

371 Armakuni the Charlatan (level 6, 0/39 HPs)
             Began as a Deep Elf Fighter on Dec 5, 2023.
             Slain by an elf zombie (3 damage)
             ... in an ossuary.
             The game lasted 00:08:47 (2904 turns).

Armakuni the Charlatan (Deep Elf Fighter)           Turns: 2904, Time: 00:08:47

Health: 0/39       AC:  7    Str: 13    XL:     6   Next: 42%
Magic:  17/17      EV:  9    Int: 13    God:
Gold:   119        SH:  5    Dex: 16    Spells: 5/5 levels left

rFire   . . .        a - +1 long sword
rCold   . . .        c - +0 buckler
rNeg    . . .        l - +0 ring mail
rPois   .            k - +0 helmet
rElec   .            (no cloak)
rCorr   .            j - +0 pair of gloves
SInv    .            (no boots)
Will    .....        (no amulet)
Stlth   +            M - ring of magical power
HPRegen 0.26/turn    (no ring)
MPRegen 0.15/turn

%: no passive effects
@: marked
A: no striking features
a: no special abilities


You were in an ossuary.
You visited 1 branch of the dungeon, and saw 4 of its levels.
You also visited: Ossuary.

You collected 152 gold pieces.
You spent 33 gold pieces at shops.

Inventory:

Hand Weapons
 a - a +1 long sword (weapon)
 b - a +1 dagger of venom
Armour
 c - a +0 buckler (worn)
 j - a +0 pair of gloves (worn)
 k - a +0 helmet (worn)
 l - a +0 ring mail (worn)
Jewellery
 M - a ring of magical power (left hand)
Wands
 m - a wand of mindburst (22)
 r - a wand of roots (10)
Scrolls
 g - a scroll of teleportation
Potions
 d - 2 potions of might
 e - 2 potions of curing
 f - a potion of ambrosia
 h - a potion of berserk rage {unknown}
 i - a potion of cancellation {unknown}
 n - a potion of heal wounds {unknown}


   Skills:
 + Level 4.5 Fighting
 - Level 1.7 Long Blades
 - Level 2.4 Armour
 - Level 2.4 Shields
 - Level 5.0 Evocations


You had 5 spell levels left.
You didn't know any spells.
Your spell library contained the following spells:

 Spells                   Type           Power      Damage    Failure   Level
 Freeze                   Ice            0%         1d3       65%         1
 Ensorcelled Hibernation  Hex/Ice        0%         N/A       80%         2
 Passwall                 Tmut/Erth      0%         N/A       80%         2
 Frozen Ramparts          Ice            0%         1d1       95%         3
 Hailstorm                Conj/Ice       0%         3d5       95%         3
 Ignite Poison            Fire/Tmut/Pois 0%         N/A       95%         3
 Swiftness                Air            0%         N/A       95%         3
 Sticky Flame             Conj/Fire      0%         2d3       100%        4
 Simulacrum               Ice/Necr       0%         N/A       100%        6
 Ozocubu's Refrigeration  Ice            0%         4d7       100%        7
 Ignition                 Fire           0%         3d3       100%        8
 Polar Vortex             Ice            0%         N/A       100%        9


Dungeon Overview and Level Annotations

Branches:
Dungeon (4/15)            Ossuary (1/1)
 Temple: D:4-7

Altars:
Xom
Zin

Shops:
D:1 !


Message History

The elf zombie sets off the alarm!
The alarm trap emits a blaring wail!
The mark upon you grows brighter. The mummy closely misses you.
The orc zombie hits you but does no damage.
You barely miss the elf zombie.
The elf zombie is moderately damaged.
The kobold zombie barely misses you. The elf zombie barely misses you.
The orc zombie hits you but does no damage.
The mummy barely misses you.
You slash the elf zombie!
The elf zombie is moderately damaged.
The kobold zombie hits you but does no damage.
The elf zombie hits you. You block the orc zombie's attack.
You slash the elf zombie!
The elf zombie is heavily damaged.
The kobold zombie barely misses you. The mummy misses you.
The elf zombie hits you but does no damage.
You slash the elf zombie!
The elf zombie is severely damaged.
The kobold zombie barely misses you.
The elf zombie hits you but does no damage.
The mummy hits you but does no damage.
You slash the elf zombie!
The elf zombie is almost destroyed.
The kobold zombie closely misses you. The elf zombie barely misses you.
You block the mummy's attack. The mummy closely misses you.
You barely miss the elf zombie.
The elf zombie is almost destroyed.
The kobold zombie hits you. You block the elf zombie's attack.
The mummy hits you but does no damage. The mummy hits you!
* * * LOW HITPOINT WARNING * * *
You slash the elf zombie!
The elf zombie is almost destroyed.
The kobold zombie closely misses you.
The elf zombie hits you but does no damage.
The kobold zombie hits you but does no damage.
You barely miss the elf zombie.
The elf zombie is almost destroyed.
The elf zombie hits you.
You die...

#...##############...#
#...# ...# #...# #...#
#...# #...# #...#
....+####...# #...#
#.∩.....#...# #...#
#.......#...# #...#
#ZZ.....#...#
#...#.####MZ.....#...#
#...#ZZZZ@MZ.....#...#
#...#.####Z.####.#...#
#...# #Z^# #...# #...#
#..# #...#
#...######..######...#
#....................#
#........8..8........#
#....................#
#....................#


You could see 2 mummies, an adder zombie, a rat zombie, a hobgoblin zombie, a
kobold zombie, 2 orc zombies, 2 elf zombies and 2 centaur zombies.

Vanquished Creatures
  A jelly (D:3)
  Natasha (thrice) (D:3)
  2 hound zombies (D:4)
  3 hound skeletons (D:4)
  Robin (D:3)
  4 adders
  4 gnolls (D:3)
  An adder zombie (Ossuary)
  A dart slug (D:1)
  2 orcs (D:3)
  7 bats
  10 endoplasms
  A giant cockroach (D:3)
  12 goblins
  9 hobgoblins
  13 jackals
  4 quokkas
  3 ball pythons
  2 frilled lizards
  7 hobgoblin zombies (Ossuary)
  3 kobolds
  5 kobold zombies (Ossuary)
  8 orc zombies (Ossuary)
  4 rats
110 creatures vanquished.

Vanquished Creatures (others)
  An angel (D:3)
1 creature vanquished.

Grand Total: 111 creatures vanquished

Notes
Turn   | Place    | Note
-------+----------+-------------------------------------------
     0 | D:1      | Armakuni the Deep Elf Fighter began the quest for the Orb.
     0 | D:1      | Reached XP level 1. HP: 13/13 MP: 3/3
    54 | D:1      | Reached XP level 2. HP: 11/18 MP: 4/4
   271 | D:1      | Reached XP level 3. HP: 23/23 MP: 5/5
   370 | D:1      | Found Acveakk's Distillery.
   383 | D:1      | Bought a potion of curing for 33 gold pieces
   706 | D:2      | Reached skill level 1 in Evocations
  1025 | D:2      | Found a faded altar of an unknown god.
  1043 | D:2      | Reached XP level 4. HP: 29/29 MP: 6/6
  1168 | D:3      | Noticed Natasha
  1178 | D:3      | Killed Natasha
  1179 | D:3      | Reached skill level 2 in Evocations
  1232 | D:3      | Killed an angel
  1504 | D:3      | Reached skill level 3 in Evocations
  1514 | D:3      | Noticed Natasha
  1519 | D:3      | Killed Natasha
  1641 | D:3      | Noticed Robin
  1651 | D:3      | Reached XP level 5. HP: 33/33 MP: 7/7
  1681 | D:3      | Killed Robin
  1729 | D:3      | Found a glowing silver altar of Zin.
  1729 | D:3      | Found a shimmering altar of Xom.
  1743 | D:3      | Reached skill level 4 in Evocations
  2165 | D:3      | Reached skill level 5 in Evocations
  2483 | D:3      | Noticed Natasha
  2496 | D:3      | Killed Natasha
  2544 | D:4      | Reached XP level 6. HP: 35/38 MP: 8/8
  2721 | D:4      | Found a sand-covered staircase.
  2737 | Ossuary  | Entered an ossuary
  2904 | Ossuary  | Slain by an elf zombie

Illustrated notes

Levels and vault maps discovered:
D:1:      ncdulo_watergridlock, layout_rooms, serial_shops, shop,
          grunt_decor_junction
D:2:      layout_rooms, chequers_ecumenical_altar_simple_redux, serial_rivers,
          chequers_serial_rivers_room_a, chequers_serial_rivers_micro_d,
          chequers_serial_rivers_small_b, chequers_serial_rivers_micro_e
D:3:      layout_basic, grunt_temple_overflow_order_and_chaos_1, minivault_19,
          nicolae_hexahallways, small_statue_alley_b, uniq_natasha, uniq_robin
D:4:      kennysheep_goblin_castle, layout_loops_ring,
          cheibrodos_ashenzari_chains, mainiacjoe_ossuary_entry_find_the_door,
          uniq_eustachio
Ossuary:  ossuary_tomb_1

Skill      XL: |  1  2  3  4  5 |
---------------+----------------+-----
Fighting       | 3 4 |  4.5
Evocations     | 1 3 5 |  5.0
Long Blades    | |  1.7
Armour         | |  2.4
Shields        | |  2.4

Action                     |  1- 3 |  4- 6 || total
---------------------------+-------+-------++-------
  Melee: Long sword        |   114 |   152 ||   266
         Dagger            |       |    54 ||    54
  Evoke: Wand              |       |     1 ||     1
    Use: Scroll            |     3 |     6 ||     9
         Potion            |       |     1 ||     1
 Armour: Scale mail        |    42 |       ||    42
         Ring mail         |    61 |   128 ||   189
  Dodge: Dodged            |    69 |   107 ||   176
  Block: Buckler           |    42 |    54 ||    96

Table legend: (Time is in decaauts)
 A = Elapsed time spent in this place.
 B = Non-inter-level travel time spent in this place.
 C = Inter-level travel time spent in this place.
 D = Time resting spent in this place.
 E = Time spent auto-exploring this place.
 F = Levels seen in this place.
 G = Mean time per level.
                   A        B        C        D        E       F      G
               +--------+--------+--------+--------+--------+-----+--------+
         Total |   2999 |   2911 |     88 |    470 |   1460 |   5 |  599.8 |
       Dungeon |   2807 |   2719 |     88 |    470 |   1426 |   4 |  701.8 |
       Ossuary |    191 |    191 |      0 |      0 |     34 |   1 |  191.0 |
               +--------+--------+--------+--------+--------+-----+--------+

Top non-repeatable levels by time:
     D:3: 1420 daAuts
     D:1: 621 daAuts
     D:2: 525 daAuts
     D:4: 241 daAuts
 Ossuary: 191 daAuts
